AoeStats
← Iamak3186

Arabia

503786492Analyzed
1v1 RM · 1mo ago on Sep 2, 2026· 68m 7s· 2 players
Game mode
Random Map
Map size
Tiny (2 player)
Population
200
Speed
Normal
Resources
Standard
Victory
Conquest
Starting age
Dark Age
Ending age
Imperial Age
RankedLock teamsTeams togetherTeam positionsShared explorationLock speedFull tech treeHidden civsTurbo modeCheats
Victory
Defeat
🇲🇹 Armenians · Malta
1268
+17
🇮🇳 Mongols · India
1290
-17
Linksi
3:38 Loom
11:13 Feudal Age
12:25 Double-Bit Axe
12:08 Man-at-Arms
12:34 Arson
13:26 Long Swordsman
16:32 Scale Mail Armor
18:01 Horse Collar
23:38 Castle Age
24:08 Forging
24:32 Squires
24:19 Gambesons
24:36 Gold Mining
24:41 Two-Handed Swordsman
26:20 Town Watch
27:06 Chain Mail Armor
29:14 Iron Casting
28:20 Elite Skirmisher
29:29 Town Watch
30:11 Fletching
33:34 Wheelbarrow
33:56 Gold Shaft Mining
34:19 Padded Archer Armor
34:38 Heavy Plow
35:27 Bow Saw
35:44 Bodkin Arrow
36:18 Pikeman
39:08 Wheelbarrow
38:31 Halberdier
41:09 Champion
42:21 Stone Mining
48:04 Imperial Age
47:53 Leather Archer Armor
49:21 Plate Mail Armor
50:37 Conscription
52:33 Blast Furnace
54:03 Hand Cart
54:28 Town Patrol
61:56 Fereters
65:35 Bracer
Iamak3186
5:50 Loom
8:03 Feudal Age
8:59 Double-Bit Axe
12:10 Horse Collar
15:22 Town Watch
15:45 Fletching
21:04 Castle Age
20:01 Gold Mining
21:53 Bloodlines
21:45 Bodkin Arrow
21:15 Crossbowman
22:09 Bow Saw
23:39 Bloodlines
24:24 Scale Barding Armor
27:16 Bloodlines
27:21 Heavy Plow
30:45 Wheelbarrow
33:59 Ballistics
34:17 Forging
35:13 Stone Mining
35:41 Hand Cart
42:34 Imperial Age
42:55 Chain Barding Armor
43:28 Bracer
42:57 Elite Steppe Lancer
46:33 Chemistry
45:44 Masonry
49:37 Conscription
49:28 Padded Archer Armor
50:30 Hoardings
52:53 Light Cavalry
61:39 Leather Archer Armor
62:49 Parthian Tactics
Connection lost

Rejoining the realm…

Still unreachable

The connection could not be restored.

Session expired

The server has moved on; the page needs a fresh start.